 Dungeon Crawl Stone Soup version 0.22.1-6-g1668fe2c40 (webtiles) character file.

189 Kohma the Grave Robber (level 5, -10/37 HPs)
             Began as a Demonspawn Necromancer on Jan 28, 2019.
             Killed by divine providence
             ... invoked by an orc priest
              (13 damage)
             ... on level 4 of the Dungeon.
             The game lasted 00:14:57 (3922 turns).

Kohma the Grave Robber (Demonspawn Necromancer)     Turns: 3922, Time: 00:14:58

Health: -10/37     AC:  4    Str:  9    XL:     5   Next: 40%
Magic:  0/8        EV: 12    Int: 17    God:
Gold:   165        SH:  0    Dex: 13    Spells: 0/8 levels left

rFire    . . .     SeeInvis .   b - +0 hunting sling
rCold    . . .     Gourm    .   (no shield)
rNeg     . . .     Faith    .   f - +0 robe
rPois    .         Spirit   +   (no helmet)
rElec    .         Reflect  .   v - scarf {repulsion}
rCorr    .         Harm     .   (no gloves)
MR       .....                  (no boots)
Stlth    ++........             (no amulet)
HPRegen  0.12/turn              (no ring)
MPRegen  0.11/turn              (no ring)

@: repel missiles
A: molten scales 1, magic shield
a: no special abilities


You were on level 4 of the Dungeon.
You were not hungry.

You visited 1 branch of the dungeon, and saw 4 of its levels.

You collected 165 gold pieces.

Inventory:

Hand Weapons
 a - a +0 dagger of venom
 b - a +0 hunting sling (weapon)
 g - a +0 spear
Missiles
 e - 114 stones
 k - 46 arrows
 m - 7 sling bullets (quivered)
Armour
 f - a +0 robe (worn)
 v - a scarf of repulsion (worn)
Jewellery
 j - a +4 ring of strength {unknown}
 n - an uncursed ring of see invisible {unknown}
 s - an uncursed ring of positive energy {unknown}
Scrolls
 d - 3 scrolls of remove curse
 h - 2 scrolls of identify {unknown}
 l - a scroll of immolation {unknown}
 p - a scroll of fog {unknown}
 r - a scroll of teleportation {unknown}
 t - a scroll of enchant weapon {unknown}
 u - a scroll of amnesia {unknown}
Potions
 i - a potion of degeneration {unknown}
 o - a potion of haste
 q - a potion of lignification {unknown}
Comestibles
 c - 4 rations


   Skills:
 + Level 1.3 Fighting
 - Level 0.1 Polearms
 - Level 2.4 Slings
 + Level 2.0 Dodging
 - Level 1.7 Stealth
 - Level 2.0 Spellcasting
 * Level 6.1 Necromancy


You couldn't memorise any spells.
You knew the following spells:

 Your Spells              Type           Power        Failure   Level  Hunger
a - Pain                  Necr           ###.         1%          1    #......
b - Animate Skeleton      Necr           N/A          1%          1    #......
c - Vampiric Draining     Necr           ###.......   4%          3    ###....
d - Regeneration          Chrm/Necr      ##........   17%         3    ###....

Your spell library contained the following spells:

 Spells                   Type           Power        Failure   Level  Hunger
 Animate Dead             Necr           N/A          16%         4    #####..


Dungeon Overview and Level Annotations

Branches:
Dungeon (4/15)
 Temple: D:4-7

Altars:
Cheibriados
Okawaru
Trog

Annotations:
D:4 Blork the orc


Innate Abilities, Weirdness & Mutations

You are partially covered in molten scales. (AC +2)
When hurt, damage is shared between your health and your magic reserves.


Message History

As you read the scroll labeled ZYS PUESOXTOBB, it crumbles to dust.
You feel blessed for a moment.
It was a scroll of remove curse.
Blork the orc hits you with a mace of protection.
* * * LOW HITPOINT WARNING * * *
An orc comes into view.
It is wielding an antimagic short sword.
Unknown command.
Casting: Pain (safe; 1% risk of failure)
Confirm with . or Enter, or press ? or * to list all spells.
You don't have enough magic to cast that spell.
Unknown command.
You are too injured to fight recklessly!
Firing (i - inventory. (/) - cycle)
m - 8 sling bullets (quivered)
Press: ? - help, Shift-Dir - straight line, f/p - Blork the orc
Aim: Blork the orc, wielding a mace of protection and wearing a robe (almost You shoot a sling bullet.
The sling bullet closely misses Blork the orc.
Blork the orc misses you.
The orc priest calls down the wrath of Beogh upon you.
Beogh smites you!
You die...

#...#...#........# #.
#...#...#........# #.
####...#...#........# #.
#......#...#........# #.
#[.....#.).#......<.# #.
#....o.#####........#####.
####...######+#####.......
#.............#########
#....o@o.....('......#
####..........######.#
#..........# #.#
#####+###### #.# #.# #.#
#.# #.# #.#


You could see Blork the orc, an orc priest and an orc.

Vanquished Creatures
  A howler monkey (D:3)
  An orc wizard (D:3)
  A gnoll (D:4)
  3 adders
  An ooze (D:3)
  A worm (D:2)
  3 leopard geckos
  12 orcs (D:3)
  4 giant cockroaches
  3 goblins
  4 hobgoblins
  4 jackals
  6 kobolds
  2 quokkas
  6 bats
  6 frilled lizards
  5 rats
  A plant (D:3)
64 creatures vanquished.

Vanquished Creatures (collateral kills)
  A dart slug (D:2)
  A giant cockroach (D:2)
  A goblin (D:1)
  A jackal (D:2)
  A frilled lizard (D:2)
  A kobold (D:2)
  A rat (D:2)
7 creatures vanquished.

Grand Total: 71 creatures vanquished

Notes
Turn   | Place    | Note
-------+----------+-------------------------------------------
     0 | D:1      | Kohma the Demonspawn Necromancer began the quest for the
                  | Orb.
     0 | D:1      | Reached XP level 1. HP: 13/13 MP: 3/3
     2 | D:1      | Learned a level 1 spell: Animate Skeleton
   531 | D:1      | Gained mutation: When hurt, damage is shared between your
                  | health and your magic reserves. [demonic ancestry]
   531 | D:1      | Reached XP level 2. HP: 17/19 MP: 5/5
   861 | D:1      | Reached skill level 5 in Necromancy
  1172 | D:2      | Reached XP level 3. HP: 11/24 MP: 1/6
  1772 | D:2      | Reached skill level 1 in Slings
  1795 | D:2      | Found a snail-covered altar of Cheibriados.
  2083 | D:2      | Learned a level 3 spell: Vampiric Draining
  2235 | D:3      | Gained mutation: You are partially covered in molten
                  | scales. (AC +2) [demonic ancestry]
  2235 | D:3      | Reached XP level 4. HP: 27/31 MP: 2/7
  2534 | D:3      | Found a bloodstained altar of Trog.
  2755 | D:3      | Found an iron altar of Okawaru.
  3102 | D:3      | Reached XP level 5. HP: 31/36 MP: 1/8
  3236 | D:3      | Learned a level 3 spell: Regeneration
  3559 | D:4      | Reached skill level 1 in Fighting
  3576 | D:3      | Reached skill level 6 in Necromancy
  3889 | D:4      | Noticed Blork the orc
  3922 | D:4      | Killed from afar by an orc priest

Skill      XL: |  1  2  3  4  5 |
---------------+----------------+-----
Necromancy     | 5 6 |  6.1
Slings         | 1 2 |  2.4
Fighting       | 1 |  1.3
Dodging        | 2 |  2.0
Polearms       | |  0.1
Stealth        | |  1.7
Spellcasting   | |  2.0

Action                   |  1- 3 |  4- 6 || total
-------------------------+-------+-------++-------
Melee: Spear             |    33 |       ||    33
       Dagger            |     1 |    23 ||    24
       Hunting sling     |       |     3 ||     3
 Fire: Hunting sling     |    68 |    76 ||   144
 Cast: Pain              |    25 |    39 ||    64
       Animate Skeleton  |    16 |     8 ||    24
  Use: Scroll            |       |     1 ||     1
 Stab: Sleeping          |     3 |       ||     3
  Eat: Chunk             |     4 |     5 ||     9
       Ration            |       |     1 ||     1
Armor: Robe              |    29 |    14 ||    43
Dodge: Dodged            |    58 |    47 ||   105
